 Dungeon Crawl Stone Soup version 0.30.0-29-ga12c61a403 (webtiles) character file.

Game seed: 12618214779012604915

40 cdecastro the Vexing (level 3, 0/31 HPs)
             Began as a Gnoll Wanderer on June 20, 2023.
             Slain by a worm (9 damage)
             ... on level 2 of the Dungeon.
             The game lasted 00:02:21 (1003 turns).

cdecastro the Vexing (Gnoll Wanderer)               Turns: 1003, Time: 00:02:22

Health: 0/31       AC:  4    Str: 12    XL:     3   Next: 50%
Magic:  9/9        EV: 11    Int: 11    God:
Gold:   92         SH:  0    Dex: 12    Spells: 8/12 levels left

rFire   . . .        a - +1 spear
rCold   . . .        (no shield)
rNeg    . . .        c - +0 leather armour
rPois   .            d - +0 helmet
rElec   .            (no cloak)
rCorr   .            (no gloves)
SInv    .            (no boots)
Will    .....        (no amulet)
Stlth   +            (no ring)
HPRegen 0.25/turn    (no ring)
MPRegen 0.11/turn

%: no passive effects
@: no status effects
A: fangs 1, strong nose, distributed training
a: no special abilities


You were on level 2 of the Dungeon.
You visited 1 branch of the dungeon, and saw 2 of its levels.

You collected 92 gold pieces.

Inventory:

Hand Weapons
 a - a +1 spear (weapon)
 p - a +2 whip of venom
Missiles
 h - 4 poisoned darts
Armour
 c - a +0 leather armour (worn)
 d - a +0 helmet (worn)
Magical Staves
 l - a staff of cold
Jewellery
 i - a +6 ring of intelligence
 n - a +4 ring of protection
Scrolls
 b - a scroll of fog
 e - a scroll of identify {unknown}
 f - 3 scrolls of blinking {unknown}
 j - a scroll of fear {unknown}
 o - a scroll of vulnerability {unknown}
 q - a scroll of teleportation {unknown}
Potions
 g - a potion of brilliance {unknown}
 k - a potion of might {unknown}
 m - a potion of attraction {unknown}


   Skills:
 + Level 4.5 Fighting
 + Level 0.9 Short Blades
 + Level 0.9 Long Blades
 + Level 0.9 Axes
 + Level 0.9 Maces & Flails
 + Level 4.5 Polearms
 + Level 0.9 Staves
 + Level 0.9 Ranged Weapons
 + Level 0.9 Throwing
 + Level 0.9 Armour
 + Level 0.9 Dodging
 + Level 0.9 Stealth
 + Level 0.9 Shields
 + Level 0.9 Unarmed Combat
 + Level 5.0 Spellcasting
 + Level 0.6 Conjurations
 + Level 7.1 Hexes
 + Level 0.6 Summonings
 + Level 0.6 Necromancy
 + Level 0.6 Translocations
 + Level 0.6 Transmutations
 + Level 0.6 Fire Magic
 + Level 0.6 Ice Magic
 + Level 0.6 Air Magic
 + Level 0.6 Earth Magic
 + Level 0.6 Poison Magic
 + Level 1.0 Invocations
 + Level 0.9 Evocations


You had 8 spell levels left.
You knew the following spells:

 Your Spells              Type           Power      Damage    Failure   Level
a - Slow                  Hex            72%        N/A       1%          1
b - Confusing Touch       Hex            18%        N/A       4%          3

Your spell library contained the following spells:

 Spells                   Type           Power      Damage    Failure   Level
 Beastly Appendage        Tmut           8%         N/A       22%         1
 Wereblood                Tmut           4%         N/A       32%         2
 Leda's Liquefaction      Hex/Erth       5%         N/A       50%         4
 Spider Form              Tmut/Pois      4%         N/A       54%         3


Dungeon Overview and Level Annotations

Branches:
Dungeon (2/15)

Altars:


Innate Abilities, Weirdness & Mutations

You have very sharp teeth.
Your uncanny sense of smell can sniff out nearby items.
Your experience applies equally to all skills.


Message History

The adder bites you but does no damage.
You closely miss the adder.
The adder is heavily wounded.
The adder barely misses you.
You hit the adder.
The adder is severely wounded.
The adder bites you but does no damage.
You barely miss the adder.
The adder is severely wounded.
The adder bites you but does no damage.
You barely miss the adder. Your punch misses the adder.
The adder is severely wounded.
The adder completely misses you.
You closely miss the adder.
The adder is severely wounded.
The adder bites you.
* * * LOW HITPOINT WARNING * * *
You are poisoned.
The adder poisons you!
You miss the adder. You bite the adder.
The adder is almost dead.
You feel sick. The adder closely misses you.
You puncture the adder!
You kill the adder!
You feel sick.
Your Invocations skill increases to level 1!
You feel sick. The worm misses you.
You see here a +0 dagger.
You feel sick.
You hit the worm.
The worm is moderately wounded.
You feel sick. The worm closely misses you.
You hit the worm.
The worm is moderately wounded.
You feel sick.
You are no longer poisoned.
You hit the worm but do no damage.
The worm is moderately wounded.
The worm bites you!
You die...

♣♣♣♣♣♣♣♣......####
♣♣.....# .♣.....#
.♣.....###..
.♣..........
♣♣♣.♣♣..###....
♣..♣♣..## ###
♣♣♣)w..# ♣♣@♣.#
♣.♣..# ♣........
..##......
...##......
....##......
...... .)....
..###.. .#### ...
#..


You could see a worm.

Vanquished Creatures
  An adder (D:2)
  A ball python (D:1)
  5 bats (D:1)
  4 endoplasms
  A giant cockroach (D:1)
  A hobgoblin (D:1)
  A quokka (D:1)
  3 frilled lizards (D:1)
  3 goblins
  2 kobolds (D:1)
  9 rats (D:1)
31 creatures vanquished.

Notes
Turn   | Place    | Note
-------+----------+-------------------------------------------
     0 | D:1      | cdecastro the Gnoll Wanderer began the quest for the Orb.
     0 | D:1      | cdecastro set off with the following items: a +1 spear, a
                  | scroll of fog, a +0 leather armour; and the following spell
                  | memorised: Slow; and the following spells available to
                  | memorise: Confusing Touch, Leda's Liquefaction.
     0 | D:1      | Reached XP level 1. HP: 20/20 MP: 6/6
   178 | D:1      | Reached XP level 2. HP: 26/26 MP: 7/7
   703 | D:1      | Reached skill level 5 in Spellcasting
   703 | D:1      | Reached XP level 3. HP: 31/31 MP: 7/9
   962 | D:2      | Learned a level 3 spell: Confusing Touch
   999 | D:2      | Reached skill level 1 in Invocations
  1003 | D:2      | Slain by a worm

Illustrated notes

Levels and vault maps discovered:
D:1:      dpeg_arrival_ratfight, layout_basic
D:2:      layout_basic, basic_altar, serial_shops, shop,
          chequers_ecumenical_altar_grove, minivault_19

Skill      XL: |  1  2  3 |
---------------+----------+-----
Spellcasting   | 5 |  5.0
Invocations    | 1 |  1.0
Fighting       | |  4.5
Short Blades   | |  0.9
Long Blades    | |  0.9
Axes           | |  0.9
Maces & Flails | |  0.9
Polearms       | |  4.5
Staves         | |  0.9
Ranged Weapons | |  0.9
Throwing       | |  0.9
Armour         | |  0.9
Dodging        | |  0.9
Stealth        | |  0.9
Shields        | |  0.9
Unarmed Combat | |  0.9
Conjurations   | |  0.6
Hexes          | |  7.1
Summonings     | |  0.6
Necromancy     | |  0.6
Translocations | |  0.6
Transmutations | |  0.6
Fire Magic     | |  0.6
Ice Magic      | |  0.6
Air Magic      | |  0.6
Earth Magic    | |  0.6
Poison Magic   | |  0.6
Evocations     | |  0.9

Action                     || total
---------------------------++-------
  Melee: Spear             ||   104
         Bite              ||     5
   Stab: Sleeping          ||     1
 Armour: Leather armour    ||    27
  Dodge: Dodged            ||    31
